 Dungeon Crawl Stone Soup version 0.29.1-4-g47bece8355 (webtiles) character file.

Game seed: 162441039067844830

37 GigaChad the Trooper (level 3, -3/30 HPs)
             Began as a Djinni Cinder Acolyte on Dec 6, 2022.
             Was a High Priest of Ignis.
             Killed from afar by an orc wizard (6 damage)
             ... with a magic dart
             ... on level 3 of the Dungeon.
             The game lasted 00:02:59 (2298 turns).

GigaChad the Trooper (Djinni Cinder Acolyte)        Turns: 2298, Time: 00:03:00

Health: -3/30      AC:  2    Str: 15    XL:     3   Next: 60%
Gold:   58         EV: 11    Int: 15    God:    Ignis [*****.] SH:  0 Dex:  8

rFire   + + +      SeeInvis .   a - +0 hand axe (flame)
rCold   x . .      Faith    .   (no shield)
rNeg    . . .      Spirit   .   b - +0 robe
rPois   ∞          Reflect  .   (no helmet)
rElec   .          Harm     .   (no cloak)
rCorr   .          Rampage  .   (no gloves)
Will    .....                   (boots unavailable)
Stlth   +.........              (no amulet)
HPRegen 0.10/turn               (no ring)
MPRegen 0.00/turn               (no ring)

@: flying
A: sickness immunity, fire resistance 2, cold vulnerability 1, float, innate
caster, HP casting, extra vitality 1
a: Renounce Religion, Fiery Armour, Foxfire Swarm, Rising Flame


You were on level 3 of the Dungeon.
You worshipped Ignis.
Ignis was extremely pleased with you.
You visited 1 branch of the dungeon, and saw 3 of its levels.

You collected 58 gold pieces.

Inventory:

Hand Weapons
 a - a +0 hand axe of flaming (weapon)
Missiles
 k - 6 javelins
Armour
 b - a +0 robe (worn)
Scrolls
 c - 2 scrolls of vulnerability {unknown}
 d - 2 scrolls of identify {unknown}
 j - a scroll of silence
 n - 2 scrolls of teleportation
 p - a scroll of poison {unknown}
Potions
 e - a potion of mutation {unknown}
 f - a potion of heal wounds {unknown}
 g - a potion of flight {unknown}
 l - a potion of resistance {unknown}
 o - a potion of degeneration {unknown}


   Skills:
 + Level 3.4 Fighting
 + Level 2.8 Axes
 + Level 0.9 Dodging
 + Level 2.7 Spellcasting


You had 4 spell levels left.
You knew the following spells:

 Your Spells              Type           Power      Damage    Failure   Level
a - Scorch                Fire           20%        2d6       10%         2
b - Magic Dart            Conj           40%        1d5       7%          1
Your spell library was empty.

Dungeon Overview and Level Annotations

Branches:
Dungeon (3/15)

Altars:


Innate Abilities, Weirdness & Mutations

You are immune to sickness and miasma.
You are immune to poison.
Your flesh is very heat resistant. (rF++)
You are vulnerable to cold. (rC-)
You float through the air rather than walking.
You learn spells naturally, not from books.
Your magical power is your life essence.
You have superior vitality. (+4 MHP)


Message History

Found a sharpened iron wand.
Found a stone staircase leading down.
The orc shouts!
An orc is nearby!
An orc comes into view. It is wielding a +0 whip.
Found a red potion.
The orc shouts!
You hear a shout!
You see here a wand of charming (4).
You hit the orc. You burn the orc.
The orc is heavily wounded.
The orc hits you with a +0 war axe!
A kobold comes into view. It is wielding a +0 short sword.
You hit the orc. You burn the orc.
The orc is almost dead.
The orc hits you with a +0 war axe.
You hit the orc. You burn the orc.
You kill the orc!
You hit the orc but do no damage. The orc hits you with a +0 whip.
You barely miss the orc. The orc hits you with a +0 whip.
You slash the orc! You burn the orc.
You kill the orc!
The kobold misses you.
You hit the kobold but do no damage.
The kobold hits you with a +0 short sword.
An orc wizard comes into view. It is wielding a +0 dagger.
You barely miss the kobold.
The orc wizard shouts!
The kobold hits you with a +0 short sword.
You barely miss the kobold.
An orc comes into view. It is wielding a +0 hand axe.
The kobold closely misses you.
The orc wizard gestures at you while chanting.
The magic dart hits you!
* * * LOW HITPOINT WARNING * * *
You barely miss the kobold. The kobold completely misses you.
You barely miss the kobold. The kobold barely misses you.
You hit the kobold. You burn the kobold.
You kill the kobold!
The orc wizard casts a spell at you. The magic dart hits you.
You die...

.## ..##
## ... ..
..# .#
..##o#
..o.##!#.
#).......
#@#
####.#
#....#
#.####
#.# #.#
#.# #.#
#.#


You could see an orc wizard and an orc.

Vanquished Creatures
  A worm (D:2)
  2 dart slugs (D:1)
  2 orcs (D:3)
  2 endoplasms (D:2)
  A giant cockroach (D:1)
  6 hobgoblins
  A kobold (D:3)
  A quokka (D:2)
  A bat (D:1)
  3 frilled lizards
  3 goblins (D:1)
  5 rats (D:1)
28 creatures vanquished.

Notes
Turn   | Place    | Note
-------+----------+-------------------------------------------
     0 | D:1      | GigaChad the Djinni Cinder Acolyte began the quest for the
                  | Orb.
     0 | D:1      | GigaChad set off with the following spells memorised:
                  | Scorch.
     0 | D:1      | Reached XP level 1. HP: 20/20 MP: 0/0
   284 | D:1      | Reached XP level 2. HP: 25/25 MP: 0/0
   923 | D:1      | Reached XP level 3. HP: 29/30 MP: 0/0
   923 | D:1      | Learned a level 1 spell: Magic Dart
  1735 | D:2      | Found a faded altar of an unknown god.
  2298 | D:3      | Killed from afar by an orc wizard

Illustrated notes

Levels and vault maps discovered:
D:1:      erik_arrival_cave_to_civilisation [erik_arrival_cave_to_hall],
          layout_basic
D:2:      layout_rooms, basic_ecumenical_altar, serial_park_tiny_2
D:3:      layout_basic

Action                   || total
-------------------------++-------
Melee: Hand axe          ||    83
       Punch             ||     1
  Use: Scroll            ||     5
Armor: Robe              ||    13
Dodge: Dodged            ||    35
